 Dungeon Crawl Stone Soup version 0.27-a0-1136-g0b992a5a9d (webtiles) character file.

Game seed: 9028967392311046008

25 SkiChan the Grave Robber (level 3, -3/24 HPs)
             Began as a Formicid Necromancer on May 4, 2021.
             Slain by a worm (4 damage)
             ... on level 2 of the Dungeon on May 5, 2021.
             The game lasted 00:01:26 (1435 turns).

SkiChan the Grave Robber (Formicid Necromancer)     Turns: 1435, Time: 00:01:27

Health: -3/24      AC:  2    Str: 12    XL:     3   Next: 17%
Magic:  1/6        EV: 12    Int: 14    God:
Gold:   39         SH:  0    Dex: 12    Spells: 6/7 levels left

rFire    . . .     SeeInvis +   b - +0 dagger
rCold    . . .     Faith    .   (no shield)
rNeg     . . .     Spirit   .   a - +0 robe
rPois    .         Reflect  .   (helmet unavailable)
rElec    .         Harm     .   (no cloak)
rCorr    .         Rampage  .   (no gloves)
Will     .....                  (no boots)
Stlth    ++........             (no amulet)
HPRegen  0.08/turn              (no ring)
MPRegen  0.10/turn              (no ring)

@: no status effects
A: permanent stasis, dig shafts and tunnels, antennae 3, four strong arms
a: Dig, Shaft Self


You were on level 2 of the Dungeon.
You visited 1 branch of the dungeon, and saw 2 of its levels.

You collected 39 gold pieces.

Inventory:

Hand Weapons
 b - a +0 dagger (weapon)
Armour
 a - a +0 robe (worn)
Scrolls
 c - a scroll of identify {unknown}
 d - a scroll of teleportation {unknown}
 g - 3 scrolls of enchant armour {unknown}
Potions
 e - a potion of heal wounds {unknown}
 f - a potion of magic {unknown}


   Skills:
 + Level 0.3 Short Blades
 + Level 1.8 Dodging
 + Level 2.5 Stealth
 + Level 2.5 Spellcasting
 + Level 4.5 Necromancy


You had 6 spell levels left.
You knew the following spells:

 Your Spells              Type           Power      Damage    Failure   Level
a - Pain                  Necr           56%        1d6       3%          1

Your spell library contained the following spells:

 Spells                   Type           Power      Damage    Failure   Level
 Animate Skeleton         Necr           28%        N/A       3%          1
 Vampiric Draining        Necr           7%         2d7       11%         3
 Animate Dead             Necr           7%         N/A       34%         4
 Agony                    Necr           14%        N/A       67%         5


Dungeon Overview and Level Annotations

Branches:
Dungeon (2/15)

Altars:


Innate Abilities, Weirdness & Mutations

You cannot be hasted, slowed, berserked, paralysed or teleported.
You can dig through walls and to a lower floor.
You have a pair of large antennae on your head. (SInv)
Your four strong arms can wield two-handed weapons with a shield.


Message History

You hit the frilled lizard.
You kill the frilled lizard!
No target in view!
No target in view!
HP restored.
You see here a +0 leather armour.
You see here a +0 robe.
You sense a monster nearby.
A quokka comes into view.
Found a stone staircase leading down.
You can't see any susceptible monsters within range! (Use Z to cast anyway.)
A worm comes into view.
The quokka writhes in agony.
The quokka writhes in agony.
You kill the quokka!
You can't see any susceptible monsters within range! (Use Z to cast anyway.)
You can't see any susceptible monsters within range! (Use Z to cast anyway.)
A frilled lizard comes into view.
The worm writhes in agony.
The worm barely resists.
The worm writhes in agony.
The worm writhes in agony.
The frilled lizard hisses angrily.
You are too depleted to draw on your mana recklessly!
The worm bites you!
You are too injured to fight recklessly!
You are too injured to fight recklessly!
You are too injured to fight recklessly!
You are too injured to fight recklessly!
You are too injured to fight recklessly!
You barely miss the worm.
The worm is heavily wounded.
You hit the worm.
The worm is severely wounded.
The worm bites you!
* * * LOW HITPOINT WARNING * * *
You barely miss the worm.
The worm is severely wounded.
The worm bites you.
You die...

#... #.# #+## #...
#.##...## #...
..#.....# #..#
#........
##...####........
#......{+........
#....###l.......
#.......@w......
####.#####>....#
#.# ...## #.# #+##
#.# #.# #.# #.#
#.#######.##
#..........##
#.#####.....#######


You could see a worm and a frilled lizard.

Vanquished Creatures
  3 ball pythons (D:1)
  3 bats (D:1)
  2 endoplasms (D:1)
  A giant cockroach (D:1)
  3 goblins (D:1)
  A hobgoblin (D:1)
  3 quokkas
  3 frilled lizards
  3 kobolds (D:1)
  A rat (D:1)
23 creatures vanquished.

Vanquished Creatures (others)
  2 plants (D:1)
  4 withered plants (D:1)
6 creatures vanquished.

Grand Total: 29 creatures vanquished

Notes
Turn   | Place    | Note
-------+----------+-------------------------------------------
     0 | D:1      | SkiChan the Formicid Necromancer began the quest for the
                  | Orb.
     0 | D:1      | Reached XP level 1. HP: 13/13 MP: 3/3
   238 | D:1      | Reached XP level 2. HP: 18/19 MP: 3/5
   499 | D:1      | Found a faded altar of an unknown god.
   829 | D:1      | Reached XP level 3. HP: 23/24 MP: 4/6
  1434 | D:2      | HP: 1/24 [worm (8)]
  1435 | D:2      | Slain by a worm

Illustrated notes

Levels and vault maps discovered:
D:1:      ebering_hopf_link, layout_loops_ring,
          shapermc_ecumenical_altar_flowoftime
D:2:      layout_loops_corners

Action                   || total
-------------------------++-------
Melee: Unarmed           ||     2
       Dagger            ||    46
 Cast: Pain              ||    36
 Stab: Sleeping          ||     1
Armor: Robe              ||     4
Dodge: Dodged            ||    12

Table legend: (Time is in decaauts)
 A = Elapsed time spent in this place.
 B = Non-inter-level travel time spent in this place.
 C = Inter-level travel time spent in this place.
 D = Time resting spent in this place.
 E = Time spent auto-exploring this place.
 F = Levels seen in this place.
 G = Mean time per level.
                   A        B        C        D        E       F      G
               +--------+--------+--------+--------+--------+-----+--------+
         Total |   1433 |   1405 |     28 |      0 |   1242 |   2 |  716.5 |
       Dungeon |   1433 |   1405 |     28 |      0 |   1242 |   2 |  716.5 |
               +--------+--------+--------+--------+--------+-----+--------+

Top non-repeatable levels by time:
     D:1: 1304 daAuts
     D:2: 129 daAuts
